 Dungeon Crawl Stone Soup version 0.28.0-43-g3370ac3207 (webtiles) character file.

Game seed: 12702078285215277576

4102 smarlow the Thaumaturge (level 10, -12/73 HPs)
             Began as a Djinni Conjurer on Mar 4, 2022.
             Was a Believer of Makhleb.
             Shot with a sling bullet by Joseph (22 damage)
             ... on level 8 of the Dungeon.
             The game lasted 00:14:19 (10814 turns).

smarlow the Thaumaturge (Djinni Conjurer)          Turns: 10814, Time: 00:14:20

Health: -12/73     AC:  7    Str:  6    XL:     10   Next: 50%
Gold:   322        EV: 12    Int: 25    God:    Makhleb [**....] SH:  0 Dex: 11

rFire   + + +      SeeInvis .   a - +4 hand axe (freeze)
rCold   x x .      Faith    .   (no shield)
rNeg    + . .      Spirit   .   y - +2 robe {rN+}
rPois   ∞          Reflect  .   (helmet restricted)
rElec   .          Harm     .   h - +0 cloak
rCorr   .          Rampage  .   (no gloves)
Will    +....                   (boots unavailable)
Stlth   ++........              (no amulet)
HPRegen 0.22/turn               j - ring of protection from fire
MPRegen 0.00/turn               u - ring of fire

@: flying
A: sickness immunity, fire resistance 2, cold vulnerability 1, float, innate
caster, HP casting, extra vitality 1, antennae 1, iridescent scales 1, robust 1
a: Renounce Religion, Minor Destruction


You were on level 8 of the Dungeon.
You worshipped Makhleb.
Makhleb was pleased with you.
You visited 2 branches of the dungeon, and saw 9 of its levels.

You collected 358 gold pieces.
You spent 36 gold pieces at shops.

Inventory:

Hand Weapons
 a - a +4 hand axe of freezing (weapon)
Armour
 h - a +0 cloak (worn)
 y - a +2 robe of positive energy (worn)
Jewellery
 j - a ring of protection from fire (left hand)
 u - a ring of fire (right hand)
Wands
 l - a wand of iceblast (6)
 x - a wand of polymorph (11)
Scrolls
 b - 4 scrolls of teleportation
 c - 2 scrolls of identify
 d - a scroll of enchant armour
 e - 2 scrolls of fog
 k - a scroll of blinking
 m - 2 scrolls of enchant weapon {unknown}
 n - a scroll of immolation {unknown}
 p - a scroll of vulnerability {unknown}
 s - a scroll of torment {unknown}
 v - a scroll of acquirement {unknown}
Potions
 f - 4 potions of curing
 i - 4 potions of heal wounds
 o - a potion of lignification
 q - 2 potions of haste
 w - 2 potions of attraction


   Skills:
 * Level 3.4 Fighting
 + Level 2.0 Axes
 + Level 2.3 Armour
 + Level 3.6 Dodging
 - Level 1.6 Stealth
 + Level 10.6 Spellcasting
 + Level 2.3 Evocations


You had 7 spell levels left.
You knew the following spells:

 Your Spells              Type           Power      Damage    Failure   Level
a - Magic Dart            Conj           100%       1d8       1%          1
b - Searing Ray           Conj           100%       2d8       1%          2
c - Dazzling Flash        Conj/Hex       100%       N/A       1%          3
d - Fulminant Prism       Conj/Hex       30%        3d16      1%          4
e - Iskenderun's Mystic   Conj/Tloc      60%        2d13      1%          4
f - Summon Small Mammal   Summ           100%       N/A       1%          1
g - Blink                 Tloc           100%       N/A       1%          2
h - Call Imp              Summ           60%        N/A       1%          2
i - Petrify               Tmut/Erth      60%        N/A       1%          4
Your spell library was empty.

Dungeon Overview and Level Annotations

Branches:
Dungeon (8/15)             Temple (1/1) D:4
   Lair: D:8-11

Altars:
Ashenzari
Dithmenos
Elyvilon
Gozag
Kikubaaqudgha
Makhleb
Nemelex Xobeh
Okawaru
Qazlal
Ru
Sif Muna
Trog
Uskayaw
Vehumet
Wu Jian
Xom
Yredelemnul
Zin
The Shining One

Shops:
D:1 !

Annotations:
D:5 1 runed translucent door, Crazy Yiuf
D:8 Joseph


Innate Abilities, Weirdness & Mutations

You are immune to sickness and miasma.
You are immune to poison.
Your flesh is very heat resistant. (rF++)
You are vulnerable to cold. (rC-)
You float through the air rather than walking.
You learn spells naturally, not from books.
Your magical power is your life essence.
You have superior vitality. (+4 MHP)
You have a pair of small antennae on your head.
You are partially covered in iridescent scales. (AC +2)
You are robust. (+10% HP)


Message History

A fulminant prism comes into view.
Joseph shoots a sling bullet.
The sling bullet hits you!
Casting: Fulminant Prism (mildly dangerous; 1% risk of failure)
Confirm with . or Enter, or press ? or * to list all spells.
Aiming: Fulminant Prism (mildly dangerous; 1% risk of failure)
Press: ? - help, Dir - move target You conjure a prism of explosive energy!
A fulminant prism comes into view.
A white imp comes into view.
Your fulminant prism crackles loudly.
Casting: Fulminant Prism (mildly dangerous; 1% risk of failure)
Confirm with . or Enter, or press ? or * to list all spells.
You erupt in a blast of force!
The mystic blast hits the wyvern zombie!
The wyvern zombie is severely damaged.
The wyvern zombie is knocked back by the mystic blast.
The wyvern zombie collides with your fulminant prism!
Your fulminant prism is moderately damaged.
You destroy the wyvern zombie!
Makhleb accepts your kill. The white imp puffs mist at you.
Joseph shoots a sling bullet.
The sling bullet hits you!
* * * LOW HITPOINT WARNING * * *
Your fulminant prism crackles loudly.
Your fulminant prism explodes!
The blast of energy engulfs Joseph!!
Joseph is heavily wounded.
The blast of energy engulfs the white imp!!
You kill the white imp!
Makhleb accepts your kill.
You hear a croak.
Your Axes skill increases to level 2!
Casting: Iskenderun's Mystic Blast (mildly dangerous; 1% risk of failure)
Confirm with . or Enter, or press ? or * to list all spells.
You erupt in a blast of force!
The mystic blast hits the orc priest!!
You kill the orc priest!
Makhleb accepts your kill.
You feel better.
* * * LOW HITPOINT WARNING * * *
Joseph shoots a sling bullet.
The sling bullet hits you!!
You die...

#.....#
###.....#######
...............
...............
.......).......
.......))).....
.......))).$...
..@..).@.......
.#####)########
..) #... #.*.
+... #... ##+#


You could see Joseph and a friendly fulminant prism (unaware).

Vanquished Creatures
  Pikel (D:6)
  A hornet (D:7)
  Prince Ribbit (D:8)
  3 yaks (D:7)
  Eustachio (D:6)
  A steam dragon (D:6)
  2 water moccasins
  A sky beast (D:7)
  2 black bears
  A necrophage (D:7)
  3 ogres
  A centaur (D:7)
  2 lemures (D:6)
  A kobold brigand (D:8)
  A bullfrog (D:6)
  A wyvern zombie (D:8)
  3 scorpions
  A wyvern skeleton (D:6)
  5 wights (D:7)
  A centaur zombie (D:8)
  A bullfrog zombie (D:5)
  6 hounds
  An orc priest (D:8)
  2 jellies
  A bullfrog skeleton (D:5)
  Ijyb (D:3)
  3 iguanas
  7 orc wizards
  Natasha (thrice) (D:2)
  A killer bee zombie (D:7)
  3 hound skeletons
  14 adders
  A shadow imp (D:5)
  3 white imps
  3 worms (D:2)
  3 dart slugs
  36 orcs
  5 bats
  9 endoplasms
  4 giant cockroaches
  5 goblins
  5 hobgoblins
  4 jackals (D:5)
  4 quokkas (D:3)
  7 ball pythons
  7 frilled lizards
  13 kobolds
  3 rats
188 creatures vanquished.

Vanquished Creatures (others)
  21 fulminant prisms
  A fungus (D:5)
22 creatures vanquished.

Grand Total: 210 creatures vanquished

Notes
Turn   | Place    | Note
-------+----------+-------------------------------------------
     0 | D:1      | smarlow the Djinni Conjurer began the quest for the Orb.
     0 | D:1      | Reached XP level 1. HP: 15/15 MP: 0/0
   191 | D:1      | Reached XP level 2. HP: 20/21 MP: 0/0
   667 | D:1      | Found Kyvechill's Distillery.
   670 | D:1      | You are sucked into a shaft and drop 1 floor!
   779 | D:2      | Reached XP level 3. HP: 16/25 MP: 0/0
   779 | D:2      | Learned a level 1 spell: Summon Small Mammal
  1049 | D:2      | Noticed Natasha
  1053 | D:2      | Killed Natasha
  1054 | D:2      | Reached skill level 4 in Spellcasting
  1054 | D:2      | Reached XP level 4. HP: 16/31 MP: 0/0
  1490 | D:2      | Noticed Natasha
  1494 | D:2      | Killed Natasha
  1647 | D:2      | Noticed Natasha
  1652 | D:2      | Killed Natasha
  1653 | D:2      | Reached XP level 5. HP: 20/35 MP: 0/0
  1653 | D:2      | Learned a level 2 spell: Blink
  2317 | D:2      | Reached skill level 5 in Spellcasting
  2617 | D:1      | Bought a potion of curing for 36 gold pieces
  3263 | D:3      | Reached XP level 6. HP: 38/40 MP: 0/0
  3693 | D:3      | Found a faded altar of an unknown god.
  3768 | D:3      | Noticed Ijyb
  3778 | D:3      | Killed Ijyb
  4637 | D:4      | Reached skill level 6 in Spellcasting
  4648 | D:3      | Reached XP level 7. HP: 9/45 MP: 0/0
  4648 | D:3      | Learned a level 2 spell: Call Imp
  4989 | D:4      | Found a staircase to the Ecumenical Temple.
  5020 | Temple   | Entered the Ecumenical Temple
  5263 | Temple   | Became a worshipper of Makhleb the Destroyer
  5732 | D:4      | Found a glowing silver altar of Zin.
  6109 | D:5      | Entered Level 5 of the Dungeon
  6114 | D:5      | Reached skill level 7 in Spellcasting
  6320 | D:5      | Reached XP level 8. HP: 47/50 MP: 0/0
  6433 | D:5      | Reached * piety under Makhleb
  7227 | D:5      | Reached skill level 8 in Spellcasting
  7390 | D:5      | Found a runed translucent door.
  7391 | D:5      | Noticed Crazy Yiuf
  7912 | D:6      | Noticed Eustachio
  7920 | D:6      | Killed Eustachio
  7921 | D:6      | Reached XP level 9. HP: 42/55 MP: 0/0
  7921 | D:6      | Learned a level 4 spell: Petrify
  7986 | D:6      | Reached skill level 9 in Spellcasting
  8220 | D:6      | Reached ** piety under Makhleb
  8241 | D:6      | Noticed Pikel
  8250 | D:6      | Killed Pikel
  8595 | D:6      | Reached skill level 10 in Spellcasting
  8793 | D:6      | Found a shimmering altar of Xom.
  8848 | D:6      | Found a hide-covered altar of Uskayaw.
  9142 | D:7      | Noticed a hornet
  9145 | D:7      | Killed a hornet
  9146 | D:7      | Reached skill level 1 in Fighting
  9146 | D:7      | Reached XP level 10. HP: 46/63 MP: 0/0
  9148 | D:7      | Reached skill level 1 in Armour
  9148 | D:7      | Reached skill level 1 in Evocations
  9298 | D:7      | Gained mutation: You are robust. (+10% HP) [potion of
                  | mutation]
  9298 | D:7      | Gained mutation: You are partially covered in iridescent
                  | scales. (AC +2) [potion of mutation]
  9298 | D:7      | Gained mutation: You have a pair of small antennae on your
                  | head. [potion of mutation]
  9377 | D:7      | Reached skill level 1 in Axes
 10801 | D:8      | Noticed Prince Ribbit
 10806 | D:8      | Killed Prince Ribbit
 10807 | D:8      | Noticed Joseph
 10814 | D:8      | Shot with a sling bullet by Joseph

Illustrated notes

Levels and vault maps discovered:
D:1:      dpeg_arrival_shelter, layout_rooms, serial_shops,
          nicolae_shop_advertising_works [nicolae_subvault_shop_adworks]
D:2:      layout_loops_ring, corner_web_ring, minmay_3d_cube, uniq_natasha
D:3:      layout_basic, hellmonk_ecumenical_altar_zigzags, st_stairs_14,
          minmay_quadrilaterals, uniq_ijyb
D:4:      layout_cave_pools, zin_academy, minmay_temple_entry_trees
D:5:      layout_rooms, eino_small_chamber_without_monster, grunt_ministairs_5,
          uniq_crazy_yiuf_cottage
D:6:      layout_gridville, nicolae_uskayaw_dance_hall,
          gammafunk_temple_overflow_wave, roderic_lattice_a, uniq_pikel,
          uniq_eustachio
D:7:      layout_layer_cave, minmay_circle_x, uniq_harold
D:8:      layout_gridville, slow_altar_1, jmf_multi_god_temple2, uniq_psyche,
          uniq_prince_ribbit1, uniq_joseph
Temple:   regret_index_temple_generic_petals

Skill      XL: |  1  2  3  4  5  6  7  8  9 10 |
---------------+-------------------------------+-----
Spellcasting   | 4 5 6 7 8 10 | 10.6
Fighting       | 1 3 |  3.4
Armour         | 2 |  2.3
Evocations     | 2 |  2.3
Axes           | 2 |  2.0
Dodging        | 3 |  3.6
Stealth        | |  1.6

Action                   |  1- 3 |  4- 6 |  7- 9 | 10-12 || total
-------------------------+-------+-------+-------+-------++-------
 Cast: Magic Dart        |    39 |   114 |   151 |    28 ||   332
       Searing Ray       |     4 |     7 |     2 |     2 ||    15
       Iskenderun's Myst |       |     6 |    45 |    20 ||    71
       Fulminant Prism   |       |     5 |     8 |     9 ||    22
  Use: Scroll            |       |       |       |    11 ||    11
       Potion            |       |       |       |     1 ||     1
Armor: Robe              |       |     2 |     6 |     1 ||     9
Dodge: Dodged            |     3 |    10 |    13 |     2 ||    28
